 Dungeon Crawl Stone Soup version 0.20.0-15-g7f486f2 (webtiles) character file.

46328 KleinerIrrer the Basher (level 14, -30/88 HPs)
             Began as a Gargoyle Fighter on June 21, 2017.
             Was the Champion of the Shining One.
             Killed from afar by an ogre mage (52 damage)
             ... with a crystal spear
             ... on level 2 of the Orcish Mines.
             The game lasted 01:56:06 (18858 turns).

KleinerIrrer the Basher (Gargoyle Fighter)         Turns: 18858, Time: 01:56:07

Health: -30/88     AC: 35    Str: 31    XL:     14   Next: 37%
Magic:  22/22      EV:  9    Int: 10    God:    the Shining One [******]
Gold:   364        SH: 15    Dex:  9    Spells: 13/13 levels left

rFire    . . .     SeeInvis .   a - +3 flail
rCold    . . .     Gourm    .   c - +2 shield
rNeg     + + +     Faith    .   Q - +3 plate armour {MR+}
rPois    ∞         Spirit   .   h - +0 helmet of the Heavens {Str+2}
rElec    +         Reflect  .   E - +0 cloak {+Inv}
rCorr    .         Harm     .   g - +2 pair of gloves
MR       +++..                  K - +1 pair of boots
Stlth    ..........             m - amulet of regeneration
Regen    0.7/turn               w - ring "Mijoatyi" {+Blink Slay+3}
MPRegen  0.2/turn               U - ring "Toevor" {*Drain MR+ Str+5}

@: flying, glowing
A: big wings, negative energy resistance 1, electricity resistance, unbreathing,
petrification resistance, rot immunity, AC +9
a: Stop Flying, Divine Shield, Cleansing Flame, Summon Divine Warrior, Brand
Weapon With Holy Wrath, Renounce Religion, Evoke Blink, Evoke Invisibility


You were on level 2 of the Orcish Mines.
You worshipped the Shining One.
The Shining One was exalted by your worship.
You were not hungry.

You visited 5 branches of the dungeon, and saw 21 of its levels.
You visited the Abyss 1 time.
You also visited: Ossuary and Ice Cave.

You collected 1803 gold pieces.
You spent 1439 gold pieces at shops.

Inventory:

Hand Weapons
 a - a +3 flail (weapon)
 L - a +0 arbalest
Missiles
 M - 80 bolts
Armour
 c - a +2 shield (worn)
 g - a +2 pair of gloves (worn)
 h - the +0 helmet of the Heavens (worn) {Str+2}
   (You bought it in a shop on level 12 of the Dungeon)

   It affects your strength (+2).
 E - a +0 cloak of invisibility (worn)
 K - a +1 pair of boots (worn)
 Q - a +3 plate armour of magic resistance (worn)
 Z - the +1 leather armour of Contentment {rPois rF+ rC++ Dex+3}
   (You found it on level 1 of the Lair of Beasts)

   It affects your dexterity (+3).
   It protects you from fire.
   It greatly protects you from cold.
   It protects you from poison.
Jewellery
 m - an amulet of regeneration (around neck)
 w - the ring "Mijoatyi" (left hand) {+Blink Slay+3}
   (You found it in an ice cave)

   [ring of slaying]

   It affects your accuracy and damage with ranged weapons and melee attacks
   (+3).
   It lets you blink.
 x - an uncursed ring of protection from cold
 F - an uncursed ring of protection from fire
 I - a +2 ring of evasion
 P - an uncursed ring of protection from fire
 U - the ring "Toevor" (right hand) {*Drain MR+ Str+5}
   (You found it in an ice cave)

   [ring of protection from magic]

   It affects your strength (+5).
   It affects your resistance to hostile enchantments.
   It causes draining when unequipped.
Wands
 b - a wand of flame (26/48)
 B - a wand of iceblast (9/15)
 R - a wand of flame (35/48)
Scrolls
 e - a scroll of magic mapping
 j - a scroll of remove curse
 k - 10 scrolls of teleportation
 q - 2 scrolls of acquirement {unknown}
 s - 2 scrolls of fog
 v - 3 scrolls of identify
 y - a scroll of holy word
Potions
 n - 6 potions of curing
 o - 3 potions of flight
 r - 5 potions of brilliance
 t - 2 potions of invisibility
 u - 2 potions of cancellation
 z - a potion of ambrosia {unknown}
 C - 2 potions of agility
 G - 3 potions of degeneration
 H - 3 potions of lignification
 J - 5 potions of mutation
Books
 l - a book of Spatial Translocations

   Spells                             Type                      Level
   a - Blink                          Translocation                2
   b - Shroud of Golubria             Charms/Translocation         2
   c - Lesser Beckoning               Translocation                3
   d - Gell's Gravitas                Translocation                3
   e - Teleport Other                 Translocation                3
   f - Passage of Golubria            Translocation                4
 S - a book of Burglary

   Spells                             Type                      Level
   a - Swiftness                      Charms/Air                   2
   b - Passwall                       Transmutation/Earth          2
   c - Passage of Golubria            Translocation                4
   d - Lee's Rapid Deconstruction     Earth                        5
   e - Darkness                       Hexes                        6
   f - Invisibility                   Hexes                        6
Miscellaneous
 p - a lightning rod (4/4)
 O - a box of beasts
Comestibles
 d - 3 chunks of flesh
 f - 14 bread rations
 i - 7 meat rations
 A - 14 fruits
 W - 4 royal jellies


   Skills:
 + Level 10.7 Fighting
 + Level 14.1 Maces & Flails
 + Level 10.0 Armour
 * Level 4.0 Dodging
 - Level 1.0 Stealth
 + Level 12.4 Shields
 * Level 10.8 Invocations


You had 13 spell levels left.
You didn't know any spells.

Dungeon Overview and Level Annotations

Branches:
Dungeon (13/15)            Temple (1/1) D:4            Lair (4/6) D:10
 Shoals (0/4) Lair:4       Spider (1/4) Lair:3          Orc (2/2) D:9
    Elf (0/3) Orc:2
 Vaults: D:13-14

Altars:
Ashenzari
Cheibriados
Dithmenos
Elyvilon
Fedhas
Gozag
Hepliaklqana
Kikubaaqudgha
Makhleb
Nemelex Xobeh
Okawaru
Qazlal
Ru
Sif Muna
Trog
Uskayaw
Vehumet
Xom
Yredelemnul
Zin
The Shining One

Shops:
D:4 *   D:5 :   D:12 [   D:13 *?*[}

Annotations:
D:5 Edmund
D:10 exclusion: door
Lair:2 Sonja
Orc:2 iamgrull's ghost, journeyman DECj


Innate Abilities, Weirdness & Mutations

You are resistant to torment.
Your stone body is resilient. (AC +9)
You are immune to poison.
Your large and strong wings let you fly indefinitely.
You resist negative energy. (rN+)
You are resistant to electric shocks. (rElec)
You can survive without breathing.
You are immune to petrification.
You are immune to rotting.


Message History

You thump iamgrull's ghost!
Iamgrull's ghost is severely damaged.
Iamgrull's ghost hits you but does no damage.
You sock iamgrull's ghost!
Iamgrull's ghost is almost destroyed.
Iamgrull's ghost casts a spell at you. The bolt of cold hits you!
Ouch! That really hurt!
You hear a shout!
The ogre mage gestures wildly while chanting.
The ogre mage blinks!
Iamgrull's ghost casts a spell at you. The bolt of cold hits you!
* * * LOW HITPOINT WARNING * * *
An ogre comes into view. It is wielding a giant club.
The ogre shouts!
The ogre mage points at you and mumbles some strange words.
The crystal spear hits you!
Ouch! That really hurt!
You die...

#.....## #..
#......#####....
##.............O
##..#............
#....#...........
##.........#....#
###.##........#.
####..........
##O@##.#.. ##.###
# #...W## ##..O.#
###§#.# ##....
...#.# .... #
##...


You could see an ogre mage and an ogre.

Vanquished Creatures
  Fannar (Lair:1)
  A yaktaur captain (D:9)
  2 ice dragons (IceCv)
  A catoblepas (D:11)
  3 hydras
  A centaur warrior (D:13)
  3 two-headed ogres
  Erica (D:9)
  A tengu warrior (D:13)
  2 death yaks (Lair:1)
  4 slime creatures
  An orc high priest (D:9)
  Nergalle (D:11)
  A shadow wraith (D:9)
  An unseen horror (D:9)
  A wizard (D:11)
  5 ugly things
  A necromancer (D:9)
  A deep elf archer (D:9)
  An orc sorcerer (Orc:1)
  A wolf spider (Spider:1)
  An orb spider (Spider:1)
  Maurice (D:8)
  2 ice statues (IceCv)
  3 black mambas
  A torpor snail (Lair:1)
  7 spiny frogs
  2 gargoyles (D:13)
  2 rime drakes (IceCv)
  A demonic crawler (Spider:1)
  2 kobold demonologists (D:12)
  2 komodo dragons
  4 trolls
  A jumping spider (Spider:1)
  Prince Ribbit (D:9)
  A hornet (D:11)
  Grinder (D:3)
  A blink frog (Lair:3)
  6 hippogriffs
  Eustachio (D:4)
  2 wyverns
  2 redbacks (Spider:1)
  34 yaks
  Grum (D:8)
  A hungry ghost (D:13)
  10 vampire mosquitoes
  Menkaure (Ossuary)
  2 wargs (Orc:2)
  An acid dragon (D:12)
  A soldier ant (D:12)
  10 water moccasins
  5 porcupines
  12 orc warriors
  An eye of draining (D:11)
  16 ice beasts
  3 phantoms
  2 centaurs
  2 wolves (D:8)
  6 ogres
  9 crocodiles
  3 big kobolds
  2 gnoll sergeants
  14 bullfrogs
  2 scorpions (D:13)
  4 killer bees (D:9)
  8 wights
  2 howler monkeys (D:7)
  2 centaur zombies
  4 crimson imps
  A bullfrog zombie (D:12)
  9 hounds
  12 orc priests
  3 bullfrog skeletons
  5 jellies
  A centaur skeleton (D:5)
  20 orc wizards
  6 iguanas
  11 worker ants
  A hound zombie (D:10)
  3 mummies (Ossuary)
  A worker ant zombie (D:9)
  14 gnolls
  15 adders
  3 shadow imps
  12 white imps (Lair:3)
  An ooze (D:1)
  6 worms
  3 dart slugs
  5 leopard geckos
  56 orcs
  4 bats
  8 giant cockroaches
  3 gnoll zombies (Ossuary)
  9 hobgoblins
  16 jackals
  5 quokkas
  5 ball pythons
  10 frilled lizards
  4 gnoll skeletons (Ossuary)
  4 goblins
  3 goblin skeletons (Ossuary)
  A goblin zombie (Ossuary)
  3 hobgoblin skeletons (Ossuary)
  5 hobgoblin zombies (Ossuary)
  15 kobolds
  2 kobold zombies (Ossuary)
  A leopard gecko skeleton (D:4)
  3 orc skeletons (Ossuary)
  4 orc zombies (Ossuary)
  A quokka skeleton (D:5)
  A quokka zombie (D:8)
  4 rats
  2 rat skeletons (Ossuary)
  A rat zombie (Ossuary)
  2 plants (Lair:3)
540 creatures vanquished.

Vanquished Creatures (others)
  3 goblin skeletons (Ossuary)
  A goblin zombie (Ossuary)
  2 hobgoblin skeletons (Ossuary)
  2 hobgoblin zombies (Ossuary)
  2 kobold skeletons (Ossuary)
  4 kobold zombies (Ossuary)
  2 orc skeletons (Ossuary)
  An orc zombie (Ossuary)
  A rat skeleton (Ossuary)
  A rat zombie (Ossuary)
  A fungus (Lair:2)
  5 plants
25 creatures vanquished.

Grand Total: 565 creatures vanquished

Notes
Turn   | Place    | Note
-------+----------+-------------------------------------------
     0 | D:1      | KleinerIrrer the Gargoyle Fighter began the quest for the Orb.
     0 | D:1      | Reached XP level 1. HP: 14/14 MP: 1/1
   212 | D:1      | Reached XP level 2. HP: 16/19 MP: 2/2
   363 | D:1      | Found a shattered altar of Ashenzari.
   483 | D:1      | Reached XP level 3. HP: 24/24 MP: 3/3
  1110 | D:2      | Reached XP level 4. HP: 29/29 MP: 4/4
  1574 | D:3      | Reached skill level 3 in Maces & Flails
  1654 | D:3      | Noticed Grinder
  1673 | D:3      | Killed Grinder
  1673 | D:3      | Reached skill level 4 in Maces & Flails
  1673 | D:3      | Reached XP level 5. HP: 10/33 MP: 5/5
  1673 | D:3      | Reached XP level 6. HP: 12/38 MP: 6/6
  2504 | D:4      | Found a staircase to the Ecumenical Temple.
  2518 | Temple   | Entered the Ecumenical Temple
  2554 | Temple   | Became a worshipper of the Shining One
  2875 | D:4      | Reached skill level 5 in Maces & Flails
  2897 | D:4      | Noticed Eustachio
  2990 | D:4      | Killed Eustachio
  2990 | D:4      | Reached skill level 1 in Dodging
  2990 | D:4      | Reached skill level 5 in Shields
  2990 | D:4      | Reached XP level 7. HP: 43/43 MP: 7/7
  3144 | D:4      | Found Mauveb's Serpentskin Sales.
  3508 | D:4      | Reached XP level 8. HP: 48/48 MP: 8/8
  3533 | D:4      | Reached skill level 6 in Maces & Flails
  3591 | D:5      | Entered Level 5 of the Dungeon
  3598 | D:5      | Found a snail-covered altar of Cheibriados.
  3660 | D:5      | Reached skill level 1 in Stealth
  3669 | D:5      | Reached * piety under the Shining One
  3716 | D:5      | Reached skill level 1 in Invocations
  3719 | D:5      | Reached skill level 5 in Fighting
  3719 | D:5      | Reached skill level 5 in Armour
  3781 | D:5      | Found a shimmering altar of Xom.
  3903 | D:5      | Noticed Edmund
  4316 | D:5      | Reached skill level 7 in Maces & Flails
  4329 | D:5      | Found Mupinus's Book Boutique.
  4592 | D:6      | Reached XP level 9. HP: 54/54 MP: 10/10
  4763 | D:6      | Reached ** piety under the Shining One
  4903 | D:6      | Found a sand-covered staircase.
  4913 | Ossuary  | Entered an ossuary
  4962 | Ossuary  | Reached *** piety under the Shining One
  5110 | Ossuary  | Reached **** piety under the Shining One
  5159 | Ossuary  | Noticed Menkaure
  5171 | Ossuary  | Killed Menkaure
  5171 | Ossuary  | Reached skill level 8 in Maces & Flails
  6203 | D:8      | Noticed a two-headed ogre
  6217 | D:8      | Killed a two-headed ogre
  6217 | D:8      | Reached skill level 9 in Maces & Flails
  6217 | D:8      | Reached XP level 10. HP: 24/61 MP: 11/13
  6444 | D:8      | Noticed Maurice
  6484 | D:8      | Killed Maurice
  6484 | D:8      | Reached skill level 5 in Invocations
  6935 | D:8      | Noticed Grum
  6960 | D:8      | Killed Grum
  7239 | D:9      | Noticed Prince Ribbit
  7307 | D:9      | Noticed a two-headed ogre
  7322 | D:9      | Killed a two-headed ogre
  7322 | D:9      | Reached skill level 10 in Maces & Flails
  7707 | D:9      | Noticed a yaktaur captain
  7726 | D:9      | Killed a yaktaur captain
  7726 | D:9      | Reached XP level 11. HP: 18/67 MP: 15/15
  7743 | D:9      | Got a fine great sword
  7769 | D:9      | Noticed an unseen horror
  7771 | D:9      | Noticed a deep elf archer
  7777 | D:9      | Killed an unseen horror
  7791 | D:9      | Killed a deep elf archer
  7876 | D:9      | Noticed a necromancer
  7883 | D:9      | Killed a necromancer
  7884 | D:9      | Reached ***** piety under the Shining One
  7890 | D:9      | Noticed Erica
  7898 | D:9      | Killed Erica
  7898 | D:9      | Reached skill level 11 in Maces & Flails
  7943 | D:9      | Killed Prince Ribbit
  7960 | D:9      | Found a staircase to the Orcish Mines.
  8082 | D:9      | Noticed a shadow wraith
  8094 | D:9      | Killed a shadow wraith
  8103 | D:9      | Identified the +3 great sword "Aprugama" {flame, *Corrode rPois MR++ Dex-3} (You found it on level 9 of the Dungeon)
  8185 | D:9      | Got a smoking ring mail
  8207 | D:9      | Noticed a two-headed ogre
  8222 | D:9      | Killed a two-headed ogre
  8449 | D:10     | Entered Level 10 of the Dungeon
  8934 | D:10     | Found a staircase to the Lair.
  9830 | Lair:1   | Entered Level 1 of the Lair of Beasts
  9840 | Lair:1   | Got a faintly humming leather armour
 10244 | Lair:1   | Reached XP level 12. HP: 63/75 MP: 17/17
 10700 | Lair:2   | Noticed Fannar
 10767 | Lair:2   | Reached skill level 12 in Maces & Flails
 10860 | Lair:2   | Noticed Sonja
 10951 | Lair:1   | Killed Fannar
 10951 | Lair:1   | Reached skill level 10 in Shields
 11027 | Lair:2   | Got a steaming robe
 11102 | Lair:2   | Noticed a death yak
 11106 | Lair:2   | Noticed a death yak
 11138 | Lair:1   | Killed a death yak
 11243 | Lair:1   | Killed a death yak
 11806 | Lair:3   | Found a frozen archway.
 11852 | Lair:3   | Identified the +1 robe of Tempters {rC+ Dex+8} (You found it on level 2 of the Lair of Beasts)
 11878 | IceCv    | Entered an ice cave
 12360 | IceCv    | Noticed an ice dragon
 12386 | IceCv    | Killed an ice dragon
 12387 | IceCv    | Noticed an ice dragon
 12400 | IceCv    | Killed an ice dragon
 12569 | IceCv    | Got a wavering bone ring
 12573 | IceCv    | Got a bound glass ring
 12577 | IceCv    | Got a brightly glowing jade ring
 12826 | Lair:3   | Found a hole to the Spider Nest.
 12851 | Lair:3   | Noticed a five-headed hydra
 12863 | Lair:3   | Killed a five-headed hydra
 12863 | Lair:3   | Reached skill level 13 in Maces & Flails
 12863 | Lair:3   | Reached XP level 13. HP: 56/80 MP: 19/19
 13768 | Lair:1   | Identified the +3 ring mail of the Fife {*Slow rC+ Dex+2} (You found it on level 9 of the Dungeon)
 13916 | Spider:1 | Entered Level 1 of the Spider Nest
 14597 | Lair:4   | Found a staircase to the Shoals.
 15377 | D:11     | Noticed Nergalle
 15454 | D:11     | Reached ****** piety under the Shining One
 15554 | D:11     | Killed Nergalle
 15656 | D:11     | Reached skill level 10 in Fighting
 15656 | D:11     | Reached skill level 10 in Invocations
 15740 | D:11     | Cast into level 3 of the Abyss (a wizard)
 15963 | D:11     | Escaped the Abyss
 15981 | D:11     | Found a deep blue altar of Sif Muna.
 16282 | D:12     | Found Raetanto's Antique Armour Emporium.
 16285 | D:12     | Bought a dazzling helmet for 294 gold pieces
 16290 | D:12     | Identified the +0 helmet of the Heavens {Str+2} (You bought it in a shop on level 12 of the Dungeon)
 16398 | D:12     | Got a slimy marble ring
 17221 | D:13     | Gained mutation: Your large and strong wings let you fly indefinitely. [Gargoyle growth]
 17221 | D:13     | Reached XP level 14. HP: 86/88 MP: 21/21
 17230 | D:13     | Found Pouseeryext's Gadget Shoppe.
 17298 | D:13     | Reached skill level 14 in Maces & Flails
 17396 | D:13     | Found Zuxeanash's General Store.
 17460 | D:13     | Found Ipeadoji's Armour Shop.
 17473 | D:13     | Bought a scroll of enchant weapon for 142 gold pieces
 17488 | D:13     | Bought a +1 pair of boots for 184 gold pieces
 17488 | D:13     | Bought a +3 plate armour of magic resistance for 720 gold pieces
 17817 | D:13     | Found Iluggawk's Magic Scroll Boutique.
 17825 | D:13     | Bought a scroll of remove curse for 39 gold pieces
 17825 | D:13     | Bought a scroll of identify for 26 gold pieces
 18042 | D:13     | Found Afiyduwa's General Store.
 18045 | D:13     | Bought a scroll of identify for 34 gold pieces
 18181 | Lair:1   | Identified the +1 leather armour of Contentment {rPois rF+ rC++ Dex+3} (You found it on level 1 of the Lair of Beasts)
 18185 | Lair:1   | Identified the ring "Rysay" {Wiz Str+6 Stlth-} (You found it on level 12 of the Dungeon)
 18190 | Lair:1   | Identified the ring "Mijoatyi" {+Blink Slay+3} (You found it in an ice cave)
 18204 | Lair:1   | Identified the ring "Toevor" {*Drain MR+ Str+5} (You found it in an ice cave)
 18206 | Lair:1   | Identified the ring of Sib Tuav {rN+ Int+5} (You found it in an ice cave)
 18319 | Orc:1    | Entered Level 1 of the Orcish Mines
 18748 | Orc:2    | Entered Level 2 of the Orcish Mines
 18748 | Orc:2    | Found a staircase to the Elven Halls.
 18760 | Orc:2    | Reached skill level 10 in Armour
 18842 | Orc:2    | Noticed iamgrull's ghost (journeyman DECj)
 18858 | Orc:2    | Killed from afar by an ogre mage

Skill      XL: |  1  2  3  4  5  6  7  8  9 10 11 12 13 14 |
---------------+-------------------------------------------+-----
Maces & Flails | 4 5 7 9 10 11 13 14 | 14.1
Shields        | 4 5 6 7 8 9 11 12 | 12.4
Fighting       | 4 5 6 7 8 9 10 | 10.7
Armour         | 4 5 7 8 9 10 | 10.0
Dodging        | 1 3 4 |  4.0
Stealth        | 1 |  1.0
Invocations    | 2 4 6 7 9 10 | 10.8

Action                   |  1- 3 |  4- 6 |  7- 9 | 10-12 | 13-15 || total
-------------------------+-------+-------+-------+-------+-------++-------
Melee: Flail             |   137 |   175 |   508 |   969 |  1004 ||  2793
 Abil: Fly               |       |       |       |       |     1 ||     1
  Use: Scroll            |       |     8 |     7 |    12 |    13 ||    40
       Potion            |       |       |     1 |    10 |     3 ||    14
  Eat: Chunk             |     1 |     6 |    11 |     4 |    13 ||    35
       Meat ration       |       |       |     1 |     1 |       ||     2
       Bread ration      |       |       |       |     2 |     2 ||     4
Armor: Scale mail        |    79 |     1 |       |       |       ||    80
       Chain mail        |       |   111 |    35 |       |       ||   146
       Plate armour      |       |       |   254 |   454 |   279 ||   987
       Ring mail         |       |       |       |       |    72 ||    72
Dodge: Dodged            |    49 |    50 |   113 |   171 |   251 ||   634
Block: Shield            |    69 |   104 |   305 |   514 |   634 ||  1626
